 Dungeon Crawl Stone Soup version 0.17.0-28-g6e173f8 (webtiles) character file.

943 trolloc1 the Jinx (level 7, -2/32 HPs)
             Began as a Spriggan Enchanter on Nov 25, 2015.
             Slain by an orc warrior
             ... wielding a cursed +0 long sword
              (4 damage)
             ... on level 3 of the Dungeon.
             The game lasted 00:15:13 (6045 turns).

trolloc1 the Jinx (Spriggan Enchanter)              Turns: 6045, Time: 00:15:13

Health: -2/32      AC:  4    Str:  6    XL:     7   Next: 88%
Magic:  12/12      EV: 17    Int: 19    God:
Gold:   118        SH:  5    Dex: 17    Spells: 3 memorised, 5 levels left

rFire  . . .     SeeInvis +     a - +1 dagger
rCold  + . .     Clarity  .     x - +2 robe {MR+}
rNeg   . . .     SustAt   .     l - +0 buckler
rPois  .         Gourm    .     (helmet restricted)
rElec  .         Spirit   .     (no cloak)
rCorr  .         Warding  .     (gloves unavailable)
rMut   .         Stasis   .     (boots unavailable)
MR     ++...                    (no amulet)
Stlth  +++.......               n - ring of protection from cold
                                j - +3 ring of intelligence

@: very quick, very resistant to hostile enchantments, fairly stealthy
A: unfitting armour, see invisible, herbivore 3, speed 3, slow metabolism 2
a: no special abilities


You were on level 3 of the Dungeon.
You were not hungry.

You visited 1 branch of the dungeon, and saw 4 of its levels.

You collected 118 gold pieces.

Inventory:

Hand Weapons
 a - a +1 dagger (weapon)
Missiles
 w - 31 sling bullets (quivered)
Armour
 l - a +0 buckler (worn)
 x - a +2 robe of magic resistance (worn)
Jewellery
 j - a +3 ring of intelligence (left hand)
 n - a ring of protection from cold (right hand)
 s - an uncursed ring of sustain attributes
Scrolls
 e - 5 scrolls of identify {unknown}
 g - 2 scrolls of random uselessness {unknown}
 m - a scroll of magic mapping {unknown}
 q - a scroll of fear {unknown}
Potions
 h - 3 potions of curing {unknown}
 i - a potion of invisibility {unknown}
 k - a potion of brilliance {unknown}
 o - a potion of haste {unknown}
 p - a potion of heal wounds {unknown}
 t - a potion of poison {unknown}
 u - a potion of berserk rage {unknown}
 v - a potion of ambrosia {unknown}
Books
 c - a book of Maledictions

   Spells                             Type                      Level
   a - Corona                         Hexes                        1
   b - Ensorcelled Hibernation        Hexes/Ice                    2
   c - Confuse                        Hexes                        3
   d - Tukima's Dance                 Hexes                        3
   e - Dazzling Spray                 Conjuration/Hexes            3
Comestibles
 d - a bread ration
 f - a royal jelly
 r - 2 fruits


   Skills:
 - Level 1.1 Short Blades
 - Level 3.1 Dodging
 - Level 4.5 Stealth
 - Level 2.6 Spellcasting
 * Level 11.1 Hexes
 - Level 0.2 Ice Magic


You had 5 spell levels left.
You knew the following spells:

 Your Spells              Type           Power        Failure   Level  Hunger
a - Corona                Hex            #####..      1%          1    None
b - Ensorcelled Hibernat  Hex/Ice        ###...       4%          2    ##.....
c - Confuse               Hex            #####...     1%          3    ###....


Dungeon Overview and Level Annotations

Branches:
Dungeon (4/15)
 Temple: D:4-7

Altars:
Cheibriados
Dithmenos


Innate Abilities, Weirdness & Mutations

You are tiny and cannot use many weapons and most armour.
You have supernaturally acute eyesight.
You are a herbivore.
You cover ground extremely quickly.
You need consume almost no food.


Message History

An orc warrior is nearby!
You climb upwards.
There is a stone staircase leading down, spattered with blood here.
You start resting.
Magic restored.
You start resting.
HP restored.
You climb downwards.
The orc warrior hits you with a long sword!
There is a stone staircase leading up, spattered with blood here.
Casting: Ensorcelled Hibernation
Confirm with . or Enter, or press ? or * to list all spells.
Okay, then.
The orc warrior hits you with a long sword!!
Ouch! That really hurt!
* * * LOW HITPOINT WARNING * * *
You climb upwards.
There is a stone staircase leading down, spattered with blood here.
The orc warrior hits you with a long sword.
You die...

#........#
#.######..
#.##......
#.##.####.
#.##....#.
#.#####.#.
########.# #.#.
###........#####.#.
#>@..)..<..........
#o#..........###.##
#..................
#.##########.###.##
#)# #.# #.# #.#
#######.# #.# #.#
#.......###.# #.#
#.#####.....# #.#
#%# #.#####


You could see an orc warrior.

Vanquished Creatures
  Pikel (D:3)
  Sigmund (D:4)
  3 slaves
  An ogre (D:4)
  2 orc priests
  A giant frog skeleton (D:3)
  A worker ant (D:4)
  An orc wizard (D:3)
  2 adders
  An adder skeleton (D:4)
  2 worms
  3 giant geckos
  5 orcs
  10 goblins
  9 hobgoblins
  10 jackals
  2 quokkas
  13 bats
  6 giant cockroaches
  3 giant newts
  9 kobolds
  A quokka skeleton (D:4)
  16 rats
103 creatures vanquished.

Notes
Turn   | Place    | Note
--------------------------------------------------------------
     0 | D:1      | trolloc1 the Spriggan Enchanter began the quest for the Orb.
     0 | D:1      | Reached XP level 1. HP: 9/9 MP: 5/5
   182 | D:1      | Reached XP level 2. HP: 13/13 MP: 6/6
   186 | D:1      | Learned a level 2 spell: Ensorcelled Hibernation
   551 | D:1      | Reached skill level 5 in Hexes
   749 | D:1      | Reached XP level 3. HP: 16/16 MP: 8/8
  1447 | D:2      | Found a snail-covered altar of Cheibriados.
  1901 | D:2      | Found a shadowy altar of Dithmenos.
  1906 | D:2      | Learned a level 3 spell: Confuse
  1914 | D:2      | Reached XP level 4. HP: 18/21 MP: 9/9
  2653 | D:3      | Reached skill level 6 in Hexes
  2943 | D:3      | Reached XP level 5. HP: 18/24 MP: 0/10
  3144 | D:3      | Reached skill level 7 in Hexes
  3401 | D:4      | Noticed an ogre
  3407 | D:4      | Killed an ogre
  3467 | D:4      | Noticed a slave
  3467 | D:4      | Noticed a slave
  3467 | D:4      | Noticed a slave
  3469 | D:4      | Noticed Pikel
  3478 | D:4      | Noticed a slave
  3717 | D:4      | Killed a slave
  3925 | D:3      | Killed a slave
  3966 | D:3      | Reached skill level 8 in Hexes
  4130 | D:3      | HP: 1/24 [slave[Pikel] (3)]
  4298 | D:3      | Killed a slave
  4461 | D:4      | Noticed an orc warrior
  4726 | D:3      | Reached XP level 6. HP: 26/28 MP: 11/11
  4876 | D:4      | Noticed Sigmund
  4881 | D:4      | Killed Sigmund
  4881 | D:4      | Reached skill level 9 in Hexes
  5335 | D:3      | Killed Pikel
  5335 | D:3      | Reached skill level 11 in Hexes
  5335 | D:3      | Reached XP level 7. HP: 30/32 MP: 4/12
  6045 | D:3      | Slain by an orc warrior

Action                   |  1- 3 |  4- 6 |  7- 9 || total
-------------------------+-------+-------+-------++-------
Melee: Dagger            |   139 |   142 |    14 ||   295
 Cast: Ensorcelled Hiber |    15 |    42 |     3 ||    60
       Confuse           |       |     7 |       ||     7
 Stab: Sleeping          |    23 |    44 |     3 ||    70
       Confused          |       |     3 |       ||     3
  Eat: Bread ration      |       |     1 |       ||     1
       Fruit             |       |     1 |       ||     1
